PAAA
PLYMOUTH ROCKS @ ROYSE CITY TARGARYENS
09/16/2025
 
TOP OF THE 1ST
Plymouth Rocks batting - Pitching for Royse City Targaryens : LHP Marcelino Freschi
Pitching: LHP Marcelino Freschi
Batting: LHB Carlos Garza 0-0: Foul Ball, location: 2F
0-1: Ball
1-1: Called Strike
1-2: Ball
2-2: SINGLE (Groundball, 56D)
Batting: RHB Andrew Weeks 0-0: Called Strike
0-1: Ball
Pickoff Throw to First - Error! E1
Carlos Garza to second
1-1: Ball
2-1: Ball
3-1: Base on Balls
Batting: RHB Augusto Rocha 0-0: Foul Ball, location: 2F
0-1: Called Strike
0-2: Foul Ball, location: 2F
0-2: Foul Ball, location: 2F
0-2: Ball
1-2: Ball
2-2: Ball
3-2: Fly out, F6 (Popup, 6D)
Batting: LHB Jorge Borbón 0-0: SINGLE (Groundball, 6MD)
Carlos Garza to third
Andrew Weeks to second
Runner from 3rd tries for Home, SAFE, no throw
Batting: RHB Hubert Dodson 0-0: Ball
1-0: Foul Ball, location: 2F
1-1: Ball
2-1: Foul Ball, location: 2F
2-2: Ball
3-2: Base on Balls
Andrew Weeks to third
Jorge Borbón to second
Batting: LHB Motoshige Kitamura 0-0: Ball
1-0: Called Strike
1-1: Ball
2-1: Ball
3-1: Base on Balls
Andrew Weeks scores
Jorge Borbón to third
Hubert Dodson to second
Batting: RHB Orlando Sánchez 0-0: Foul Ball, location: 2F
0-1: Ball
1-1: Called Strike
1-2: Foul Ball, location: 2F
1-2: Ball
2-2: Ball
3-2: Fielders Choice at 3rd, U5 (Groundball, 5L)
Jorge Borbón scores
Motoshige Kitamura to second
Batting: RHB John Townsend 0-0: Swinging Strike
0-1: Reached on error, E9 (Flyball, 9S)
Motoshige Kitamura scores
Orlando Sánchez to third
Batting: SHB Bill Becker 0-0: Ball
Balk!
Orlando Sánchez scores
John Townsend to third
1-0: Ball
2-0: Foul Ball, location: 2F
2-1: Foul Ball, location: 2F
2-2: Ball
3-2: DOUBLE (Flyball, 7)
John Townsend scores
Batting: LHB Carlos Garza 0-0: Ball
1-0: Foul Ball, location: 2F
1-1: Swinging Strike
1-2: Ball
2-2: Strikes out swinging
Top of the 1st over - 6 run(s), 3 hit(s), 2 error(s), 1 left on base; Plymouth 6 - Royse City 0
BOTTOM OF THE 1ST
Royse City Targaryens batting - Pitching for Plymouth Rocks : RHP Manuel Delgado
Pitching: RHP Manuel Delgado
Batting: LHB Jon Baxter 0-0: Called Strike
0-1: Foul Ball, location: 2F
0-2: Ball
1-2: Hit by Pitch
Batting: LHB José Vargas 0-0: 2-RUN HOME RUN (Flyball, 89XD), Distance : 378 ft
Batting: LHB Cisco Padilla 0-0: SOLO HOME RUN (Line Drive, 9D), Distance : 350 ft
Batting: LHB José Tamayo 0-0: Ball
1-0: Ball
2-0: Called Strike
2-1: Swinging Strike
2-2: Foul Ball, location: 2F
2-2: Ball
3-2: Base on Balls
Batting: RHB Javier Rivera 0-0: Ball
1-0: Ball
2-0: Ball
3-0: Called Strike
3-1: Base on Balls
José Tamayo to second
Batting: RHB Tomás Martínez 0-0: Called Strike
0-1: Foul Ball, location: 2F
0-2: Ball
1-2: DOUBLE (Groundball, 5L)
José Tamayo scores
Javier Rivera to third
Batting: RHB Bruce Ingilby 0-0: Swinging Strike
0-1: Ball
1-1: Ball
2-1: Foul Ball, location: 2F
2-2: Ball
3-2: Foul Ball, location: 2F
3-2: SINGLE (Line Drive, 78M)
Javier Rivera scores
Tomás Martínez to third
Batting: LHB Jerry Wilson 0-0: Ball
1-0: Ball
2-0: Called Strike
2-1: Called Strike
2-2: SINGLE (Groundball, 5D)
Tomás Martínez scores
Bruce Ingilby to second
Batting: LHB Jorge Garza 0-0: Ball
1-0: Ball
2-0: Ball
3-0: Called Strike
3-1: Swinging Strike
3-2: Strikes out swinging
Batting: LHB Jon Baxter 0-0: Called Strike
0-1: Ball
1-1: Ball
2-1: Ball
3-1: Base on Balls
Bruce Ingilby to third
Jerry Wilson to second
Batting: LHB José Vargas 0-0: Ball
1-0: Ball
2-0: Ball
3-0: Called Strike
3-1: Foul Ball, location: 2F
3-2: Base on Balls
Bruce Ingilby scores
Jerry Wilson to third
Jon Baxter to second
Batting: LHB Cisco Padilla 0-0: Called Strike
0-1: Swinging Strike
0-2: Ball
1-2: Ball
2-2: Fielders Choice at 2nd, 3-6 (Groundball, 34)
Jerry Wilson scores
Jon Baxter to third
Pitching: LHP Júlio Hernández
Batting: LHB José Tamayo 0-0: Ball
1-0: Ball
2-0: SINGLE (Line Drive, 8RS)
Jon Baxter scores
Cisco Padilla to second
Batting: RHB Javier Rivera 0-0: Called Strike
0-1: Ball
1-1: Called Strike
1-2: Foul Ball, location: 2F
1-2: Strikes out looking
Bottom of the 1st over - 9 run(s), 6 hit(s), 0 error(s), 2 left on base; Plymouth 6 - Royse City 9
TOP OF THE 2ND
Plymouth Rocks batting - Pitching for Royse City Targaryens : LHP Marcelino Freschi
Batting: RHB Andrew Weeks 0-0: Foul Ball, location: 2F
0-1: Ball
1-1: SINGLE (Line Drive, 7S)
Batting: RHB Augusto Rocha 0-0: Ball
1-0: Foul Ball, location: 2F
1-1: Foul Ball, location: 2F
1-2: Ball
2-2: SINGLE (Line Drive, 6D)
Andrew Weeks to second
Batting: LHB Jorge Borbón 0-0: Called Strike
0-1: Ball
1-1: Swinging Strike
1-2: Foul Ball, location: 2F
1-2: Grounds into double play, 4-6-3 (Groundball, 4M)
Andrew Weeks to third
Batting: RHB Hubert Dodson 0-0: Ball
1-0: Ball
2-0: Ball
3-0: Base on Balls
Batting: LHB Motoshige Kitamura 0-0: Called Strike
0-1: Fly out, F7 (Flyball, 7LM)
Top of the 2nd over - 0 run(s), 2 hit(s), 0 error(s), 2 left on base; Plymouth 6 - Royse City 9
BOTTOM OF THE 2ND
Royse City Targaryens batting - Pitching for Plymouth Rocks : LHP Júlio Hernández
Batting: RHB Tomás Martínez 0-0: Foul Ball, location: 2F
0-1: Swinging Strike
0-2: Ball
1-2: Foul Ball, location: 2F
1-2: Strikes out looking
Batting: RHB Bruce Ingilby 0-0: Called Strike
0-1: SINGLE (Groundball, 4MD)
Batting: LHB Jerry Wilson 0-0: Called Strike
0-1: Ball
1-1: Called Strike
1-2: Foul Ball, location: 2F
1-2: Fly out, F8 (Flyball, 8LD)
Batting: LHB Jorge Garza 0-0: Ball
Bruce Ingilby is caught stealing 2nd base
Bottom of the 2nd over - 0 run(s), 1 hit(s), 0 error(s), 0 left on base; Plymouth 6 - Royse City 9
TOP OF THE 3RD
Plymouth Rocks batting - Pitching for Royse City Targaryens : LHP Marcelino Freschi
Batting: RHB Orlando Sánchez 0-0: Foul Ball, location: 2F
0-1: Ball
1-1: Ball
2-1: Foul Ball, location: 2F
2-2: Ground out 5-3 (Groundball, 56S)
Batting: RHB John Townsend 0-0: Ball
1-0: Foul Ball, location: 2F
1-1: Called Strike
1-2: Foul Ball, location: 2F
1-2: Fly out, F9 (Line Drive, 9)
Batting: SHB Bill Becker 0-0: Foul Ball, location: 2F
0-1: Foul Ball, location: 2F
0-2: Ball
1-2: Foul Ball, location: 2F
1-2: Strikes out looking
Top of the 3rd over - 0 run(s), 0 hit(s), 0 error(s), 0 left on base; Plymouth 6 - Royse City 9
BOTTOM OF THE 3RD
Royse City Targaryens batting - Pitching for Plymouth Rocks : LHP Júlio Hernández
Batting: LHB Jorge Garza 0-0: Called Strike
0-1: Swinging Strike
0-2: Foul Ball, location: 2F
0-2: Ball
1-2: Ball
2-2: Strikes out swinging
Batting: LHB Jon Baxter 0-0: Hit by Pitch
Batting: LHB José Vargas 0-0: Ball
1-0: Called Strike
1-1: SINGLE (Groundball, 34D)
Jon Baxter to second
Runner from 2nd tries for 3rd, SAFE, throw made to third
José Vargas to second
Batting: LHB Cisco Padilla 0-0: Foul Ball, location: 2F
0-1: Ball
1-1: Swinging Strike
1-2: Ball
2-2: Ball
3-2: Fly out, F8 (Flyball, 8RXD)
Runner from 3rd tags up, SCORES, no throw
Batting: LHB José Tamayo 0-0: SINGLE (Groundball, 34D)
José Vargas to third
Runner from 3rd tries for Home, SAFE, no throw
Batting: RHB Javier Rivera 0-0: Called Strike
José Tamayo steals 2nd base
0-1: Foul Ball, location: 2F
0-2: Ball
1-2: Ball
2-2: Foul Ball, location: 2F
2-2: Foul Ball, location: 2F
2-2: Foul Ball, location: 2F
2-2: Ball
3-2: SINGLE (Line Drive, 8LS)
José Tamayo to third
José Tamayo scores
Batting: RHB Tomás Martínez 0-0: Called Strike
0-1: Swinging Strike
0-2: Ball
1-2: Ball
2-2: SINGLE (Line Drive, 78S)
Javier Rivera to second
Batting: RHB Bruce Ingilby 0-0: Called Strike
0-1: Ball
1-1: Ball
2-1: Called Strike
2-2: SINGLE (Line Drive, 56)
Javier Rivera to third
Tomás Martínez to second
Runner from 3rd tries for Home, SAFE, no throw
Pitching: RHP Rubén Rodríguez
Batting: LHB Jerry Wilson 0-0: Ground out U3 (Groundball, 3L)
Bottom of the 3rd over - 4 run(s), 5 hit(s), 0 error(s), 2 left on base; Plymouth 6 - Royse City 13
TOP OF THE 4TH
Plymouth Rocks batting - Pitching for Royse City Targaryens : LHP Marcelino Freschi
Batting: LHB Carlos Garza 0-0: Ball
1-0: Ball
2-0: Fly out, F8 (Flyball, 78D)
Batting: RHB Andrew Weeks 0-0: Ball
1-0: Foul Ball, location: 2F
1-1: Called Strike
1-2: Ball
2-2: Ball
3-2: Foul Ball, location: 2F
3-2: Strikes out looking
Batting: RHB Augusto Rocha 0-0: Ball
1-0: Called Strike
1-1: Foul Ball, location: 2F
1-2: Ball
2-2: Ground out 4-3 (Groundball, 4S)
Top of the 4th over - 0 run(s), 0 hit(s), 0 error(s), 0 left on base; Plymouth 6 - Royse City 13
BOTTOM OF THE 4TH
Royse City Targaryens batting - Pitching for Plymouth Rocks : RHP Rubén Rodríguez
Batting: LHB Jorge Garza 0-0: Called Strike
0-1: Ball
1-1: Fly out, F8 (Line Drive, 8RM)
Batting: LHB Jon Baxter 0-0: Fly out, F4 (Line Drive, 4)
Batting: LHB José Vargas 0-0: Ball
1-0: Swinging Strike
1-1: Swinging Strike
1-2: Strikes out swinging
Bottom of the 4th over - 0 run(s), 0 hit(s), 0 error(s), 0 left on base; Plymouth 6 - Royse City 13
TOP OF THE 5TH
Plymouth Rocks batting - Pitching for Royse City Targaryens : LHP Marcelino Freschi
Batting: LHB Jorge Borbón 0-0: Ball
1-0: Ball
2-0: Ball
3-0: Called Strike
3-1: Called Strike
3-2: Strikes out looking
Batting: RHB Hubert Dodson 0-0: Ball
1-0: Ball
2-0: Called Strike
2-1: Ground out 5-3 (Groundball, 56)
Batting: LHB Motoshige Kitamura 0-0: Ball
1-0: Foul Ball, location: 2F
1-1: Foul Ball, location: 2F
1-2: Strikes out swinging
Top of the 5th over - 0 run(s), 0 hit(s), 0 error(s), 0 left on base; Plymouth 6 - Royse City 13
BOTTOM OF THE 5TH
Royse City Targaryens batting - Pitching for Plymouth Rocks : RHP Rubén Rodríguez
Batting: LHB Cisco Padilla 0-0: Ball
1-0: Ball
2-0: Called Strike
2-1: Called Strike
2-2: Ball
3-2: Fly out, F3 (Popup, 3L)
Batting: LHB José Tamayo 0-0: Foul Ball, location: 2F
0-1: Ground out 1-3 (Groundball, P)
Batting: RHB Javier Rivera 0-0: Called Strike
0-1: SINGLE (Groundball, 6MD)
Batting: RHB Tomás Martínez 0-0: Ball
1-0: Ball
2-0: Foul Ball, location: 2F
2-1: DOUBLE (Line Drive, 78M)
Javier Rivera to third
Batting: RHB Bruce Ingilby 0-0: Called Strike
0-1: SINGLE (Flyball, 8RS)
Javier Rivera scores
Tomás Martínez to third
Batting: LHB Jerry Wilson 0-0: Ball
1-0: Ball
2-0: Fly out, F7 (Flyball, 7LM)
Bottom of the 5th over - 1 run(s), 3 hit(s), 0 error(s), 2 left on base; Plymouth 6 - Royse City 14
TOP OF THE 6TH
Plymouth Rocks batting - Pitching for Royse City Targaryens : LHP Marcelino Freschi
Batting: RHB Orlando Sánchez 0-0: Ball
1-0: Ball
2-0: Called Strike
2-1: Fly out, F6 (Popup, 6)
Batting: RHB John Townsend 0-0: Called Strike
0-1: Ball
1-1: Foul Ball, location: 2F
1-2: Ground out 5-3 (Groundball, 56)
Batting: SHB Bill Becker 0-0: Called Strike
0-1: Ground out 4-3 (Groundball, 34)
Top of the 6th over - 0 run(s), 0 hit(s), 0 error(s), 0 left on base; Plymouth 6 - Royse City 14
BOTTOM OF THE 6TH
Royse City Targaryens batting - Pitching for Plymouth Rocks : RHP Rubén Rodríguez
Batting: LHB Jorge Garza 0-0: Ball
1-0: Fly out, F7 (Flyball, 7)
Batting: LHB Jon Baxter 0-0: Called Strike
0-1: Ball
1-1: Fly out, F7 (Flyball, 7)
Batting: LHB José Vargas 0-0: Ball
1-0: Ball
2-0: Swinging Strike
2-1: Ball
3-1: Called Strike
3-2: Foul Ball, location: 2F
3-2: Foul Ball, location: 2F
3-2: Ground out U3 (Groundball, 3)
Bottom of the 6th over - 0 run(s), 0 hit(s), 0 error(s), 0 left on base; Plymouth 6 - Royse City 14
TOP OF THE 7TH
Plymouth Rocks batting - Pitching for Royse City Targaryens : LHP Marcelino Freschi
Pitching: RHP Mark Sinclair
Batting: LHB Carlos Garza 0-0: SINGLE (Groundball, 56D)
Batting: RHB Andrew Weeks 0-0: Ball
1-0: Fly out, F8 (Flyball, 8RM)
Batting: RHB Augusto Rocha 0-0: Foul Ball, location: 2F
0-1: Ball
1-1: Called Strike
1-2: Grounds into double play, 6-4-3 (Groundball, 56)
Top of the 7th over - 0 run(s), 1 hit(s), 0 error(s), 0 left on base; Plymouth 6 - Royse City 14
BOTTOM OF THE 7TH
Royse City Targaryens batting - Pitching for Plymouth Rocks : RHP Rubén Rodríguez
Batting: LHB Cisco Padilla 0-0: Called Strike
0-1: Called Strike
0-2: Foul Ball, location: 2F
0-2: Hit by Pitch
Batting: LHB José Tamayo 0-0: Ball
1-0: Ball
2-0: Ball
3-0: Called Strike
3-1: Base on Balls
Cisco Padilla to second
Batting: RHB Javier Rivera 0-0: Ball
1-0: Swinging Strike
1-1: Ball
2-1: Foul Ball, location: 2F
2-2: Fly out, F8 (Line Drive, 78M)
Batting: RHB Tomás Martínez 0-0: Ball
1-0: Ball
2-0: Called Strike
2-1: Foul Ball, location: 2F
2-2: Grounds into double play, 6-4-3 (Groundball, 6)
Bottom of the 7th over - 0 run(s), 0 hit(s), 0 error(s), 1 left on base; Plymouth 6 - Royse City 14
TOP OF THE 8TH
Plymouth Rocks batting - Pitching for Royse City Targaryens : RHP Mark Sinclair
Batting: LHB Jorge Borbón 0-0: Ground out 4-3 (Groundball, 4)
Batting: RHB Hubert Dodson 0-0: Ball
1-0: Ball
2-0: Ball
3-0: Called Strike
3-1: Base on Balls
Batting: LHB Motoshige Kitamura 0-0: Ball
1-0: Ball
2-0: Swinging Strike
2-1: Ball
3-1: Foul Ball, location: 2F
3-2: Foul Ball, location: 2F
3-2: Strikes out swinging
Batting: RHB Orlando Sánchez 0-0: Ball
1-0: Ball
2-0: Ball
3-0: Called Strike
3-1: Foul Ball, location: 2F
3-2: Foul Ball, location: 2F
3-2: Base on Balls
Hubert Dodson to second
Batting: RHB John Townsend 0-0: Called Strike
0-1: Ball
1-1: Fly out, F8 (Flyball, 8RM)
Top of the 8th over - 0 run(s), 0 hit(s), 0 error(s), 2 left on base; Plymouth 6 - Royse City 14
BOTTOM OF THE 8TH
Royse City Targaryens batting - Pitching for Plymouth Rocks : RHP Rubén Rodríguez
Pitching: LHP Lúcio Benítez
Batting: RHB Bruce Ingilby 0-0: SINGLE (Groundball, 6D)
Batting: LHB Jerry Wilson 0-0: Ball
1-0: Fly out, F2 (Popup, 2R)
Batting: LHB Jorge Garza 0-0: Ball
1-0: Called Strike
1-1: Swinging Strike
1-2: SINGLE (Groundball, 4MD)
Bruce Ingilby to second
Runner from 2nd tries for 3rd, SAFE, throw made to third
Jorge Garza to second
Batting: LHB Jon Baxter 0-0: Called Strike
0-1: SINGLE (Line Drive, 56)
Bruce Ingilby scores
Jorge Garza to third
Runner from 3rd tries for Home, SAFE, throw made home
Batting: LHB José Vargas 0-0: Ball
1-0: Ball
2-0: Foul Ball, location: 2F
2-1: 2-RUN HOME RUN (Flyball, 89XD), Distance : 368 ft
Pitching: RHP Grant White
Batting: LHB Cisco Padilla 0-0: Ball
1-0: Foul Ball, location: 2F
1-1: Called Strike
1-2: Foul Ball, location: 2F
1-2: Foul Ball, location: 2F
1-2: Ball
2-2: Ball
3-2: Fly out, F8 (Flyball, 8RD)
Batting: LHB José Tamayo 0-0: Ball
1-0: Fly out, F9 (Line Drive, 9)
Bottom of the 8th over - 4 run(s), 4 hit(s), 0 error(s), 0 left on base; Plymouth 6 - Royse City 18
TOP OF THE 9TH
Plymouth Rocks batting - Pitching for Royse City Targaryens : RHP Mark Sinclair
Now at 2B: Fernando Rivera
Batting: SHB Bill Becker 0-0: Foul Ball, location: 2F
0-1: Ground out 4-3 (Groundball, 4)
Pitching: RHP Juan Cruz
Batting: LHB Carlos Garza 0-0: Ground out U3 (Groundball, 3)
Batting: RHB Andrew Weeks 0-0: Ball
1-0: Foul Ball, location: 2F
1-1: Ball
2-1: Foul Ball, location: 2F
2-2: SINGLE (Line Drive, 6M)
Batting: RHB Augusto Rocha 0-0: Ball
1-0: Ball
2-0: Called Strike
2-1: Fly out, F8 (Flyball, 78M)
Top of the 9th over - 0 run(s), 1 hit(s), 0 error(s), 1 left on base; Plymouth 6 - Royse City 18
Friday, December 30th, 2016 - OOTP Baseball 17.12 Build 75